 Dungeon Crawl Stone Soup version 0.31-a0-700-gf13585253f (webtiles) character file.

Game seed: 1339991272667762558

275 qw the Shooter (level 6, -1/38 HPs)
             Began as a Gargoyle Hunter on Sept 7, 2023.
             Slain by a goblin
             ... wielding a +0 dagger
             ... led by Robin
              (4 damage)
             ... on level 3 of the Dungeon.
             The game lasted 00:00:42 (1341 turns).

qw the Shooter (Gargoyle Hunter)                    Turns: 1341, Time: 00:00:42

Health: -1/38      AC:  9    Str: 15    XL:     6   Next: 25%
Magic:  6/6        EV: 11    Int:  9    God:
Gold:   146        SH:  0    Dex: 15    Spells: 5/5 levels left

rFire   . . .        Y - +0 shortbow
rCold   . . .        (shield currently unavailable)
rNeg    + . .        e - +0 ring mail
rPois   inf          (no helmet)
rElec   +            (no cloak)
rCorr   .            (no gloves)
SInv    .            (no boots)
Will    .....        (no amulet)
Stlth   +            (no ring)
HPRegen 0.26/turn    (no ring)
MPRegen 0.10/turn

%: no passive effects
@: no status effects
A: sickness immunity, AC +4, negative energy resistance 1, electricity
resistance, torment resistance 1, petrification resistance
a: no special abilities


You were on level 3 of the Dungeon.
You visited 1 branch of the dungeon, and saw 3 of its levels.
You also visited: Sewer.

You collected 146 gold pieces.


Innate Abilities, Weirdness & Mutations

You are immune to sickness and miasma.
Your stone body is resilient. (AC +4)
You are immune to poison.
You resist negative energy. (rN+)
You are resistant to electric shocks. (rElec)
You are resistant to unholy torment.
You are immune to petrification.


   Skills:
 - Level 4.0 Fighting
 + Level 6.4 Ranged Weapons
 - Level 1.2 Armour
 - Level 1.5 Dodging
 - Level 1.1 Stealth


You had 5 spell levels left.
You didn't know any spells.
Your spell library was empty.

Inventory:

Hand Weapons
 Y - a +0 shortbow (weapon)
Armour
 e - a +0 ring mail (worn)
Scrolls
 b - 2 scrolls of poison {unknown}
 f - a scroll of identify
Potions
 a - a potion of resistance {unknown}
 g - a potion of mutation
 i - a potion of curing {unknown}
 j - 2 potions of haste

Dungeon Overview and Level Annotations

Branches:
Dungeon (2/15)              Sewer (visited)

Altars:

Annotations:
D:3 Robin


Message History

You shoot an arrow. The arrow hits the goblin!
You kill the goblin!
The goblin no longer looks unusually strong. x2
Robin throws the goblin at you! The goblin misses you.
The goblin closely misses you. The goblin hits you but does no damage.
The goblin hits you with a +0 dagger. x2
You shoot an arrow. The arrow barely misses the goblin.
The goblin hits you with a +0 dagger. The goblin hits you with a +0 club.
Robin closely misses you. The goblin hits you but does no damage.
The goblin barely misses you. The goblin hits you with a +0 dagger.
The goblin closely misses you. The goblin hits you with a +0 club.
The goblin hits you but does no damage.
Robin hits you from afar with a +0 spear.
The goblin misses you. The goblin hits you but does no damage.
You shoot an arrow. The arrow completely misses the goblin.
The goblin no longer looks unusually strong. x2
Robin barely misses you. The goblin barely misses you.
The goblin hits you but does no damage. The goblin hits you with a +0 dagger.
The goblin hits you but does no damage. The goblin barely misses you.
You shoot an arrow. The arrow hits the goblin!
You kill the goblin!
Robin roars a battlecry!
The goblins go into a battle-frenzy!
The goblin closely misses you. The goblin hits you with a +0 dagger.
The goblin closely misses you. The goblin hits you but does no damage.
You shoot an arrow. The arrow hits the goblin.
You kill the goblin!
The goblin closely misses you. The goblin hits you but does no damage.
The goblin hits you with a +0 dagger.
Robin says, "Bow before me, strongest of all the hobgoblins!"
Robin closely misses you.
You shoot an arrow. The arrow hits the goblin!
You kill the goblin!
The goblin hits you but does no damage. Robin closely misses you.
The goblin hits you but does no damage.
You shoot an arrow. The arrow closely misses the goblin.
The goblin hits you with a +0 dagger.
Robin hits you from afar with a +0 spear.
The goblin hits you with a +0 dagger.
You die...

#..## #.........#
#.####.#. ....#
#.........# #.# # >...#
##........# ... ....#
#[.......# ...
..).#####........# ...
....#...........)# ....
....#............# .....
....#..........gg#......
..........#####)@)......
~~##.##.### #.))......
~~##.# #g........ ..~~.#
..##...... ..~~.# ...
...... ..~~.# ....
...... ..~~~# .#..)
###### ..~~.# ..#...
~~##.#


You could see Robin and 2 goblins.

Vanquished Creatures
  A water moccasin (Sewer)
  Jessica (D:2)
  Terence (D:3)
  3 gnolls (D:2)
  3 adders
  A river rat (D:3)
  A worm (D:3)
  A dart slug (D:1)
  5 orcs (D:3)
  A ball python (D:1)
  4 bats
  4 endoplasms
  A giant cockroach (D:3)
  10 goblins
  3 hobgoblins
  2 jackals (D:1)
  A quokka (D:3)
  A frilled lizard (D:1)
  5 kobolds
  3 rats
52 creatures vanquished.

Notes
Turn   | Place    | Note
-------+----------+-------------------------------------------
     0 | D:1      | qw the Gargoyle Hunter began the quest for the Orb.
     0 | D:1      | Reached XP level 1. HP: 12/12 MP: 1/1
     0 | D:1      | 0 ||| qw: Version: 0.3-a-76-g4403597
     0 | D:1      | 0 ||| qw: Game counter: 623
     0 | D:1      | 0 ||| qw: Melee chars always use a shield: true
     0 | D:1      | 0 ||| qw: God list: Okawaru
     0 | D:1      | 0 ||| qw: Allow faded altars: false
     0 | D:1      | 0 ||| qw: Do Orc after clearing Dungeon:15 true
     0 | D:1      | 0 ||| qw: Do second Lair branch before Depths: true
     0 | D:1      | 0 ||| qw: Lair rune preference: random
     0 | D:1      | 0 ||| qw: Goals: Normal
     0 | D:1      | 0 ||| PLANNING D:1-11
   131 | D:1      | Reached XP level 2. HP: 17/17 MP: 2/2
   462 | D:1      | 462 ||| UPGRADING to +0 ring mail.
   472 | D:1      | 472 ||| DROPPING +0 leather armour.
   473 | D:1      | 473 ||| READING scroll labelled WUT COP UGED.
   478 | D:1      | 478 ||| READING 2 scrolls labelled HUEGGOY POJI.
   479 | D:1      | 479 ||| READING scroll labelled PEVARA OVVORU.
   480 | D:1      | 480 ||| DROPPING scroll of butterflies.
   504 | D:2      | Reached skill level 1 in Armour
   504 | D:2      | Reached XP level 3. HP: 21/21 MP: 3/3
   600 | D:2      | Reached skill level 5 in Ranged Weapons
   604 | D:2      | Reached XP level 4. HP: 27/27 MP: 4/4
   637 | D:2      | Noticed Jessica
   641 | D:2      | Killed Jessica
   642 | D:2      | Reached skill level 3 in Fighting
   819 | D:2      | You fall into a shaft and drop 1 floor!
   835 | D:3      | 835 ||| PLANNING SEWER
   881 | D:3      | Found a glowing drain.
   882 | D:3      | 882 ||| READING 2 scrolls of identify.
   882 | D:3      | 882 ||| IDENTIFYING lumpy cyan potion
   891 | Sewer    | Entered a sewer
   918 | Sewer    | Noticed a water moccasin
   933 | Sewer    | Killed a water moccasin
   934 | Sewer    | Reached skill level 6 in Ranged Weapons
   934 | Sewer    | Reached XP level 5. HP: 12/32 MP: 5/5
  1087 | Sewer    | 1087 ||| DRINKING 3 inky potions.
  1104 | D:3      | 1104 ||| PLANNING D:1-11
  1114 | D:3      | Noticed Terence
  1133 | D:3      | Killed Terence
  1134 | D:3      | Reached XP level 6. HP: 16/38 MP: 6/6
  1319 | D:3      | Noticed Robin
  1337 | D:3      | HP: 7/38 [goblin/+0 dagger[Robin] (3)]
  1341 | D:3      | HP: 3/38 [Robin/+0 spear (1)]
  1341 | D:3      | Slain by a goblin

Levels and vault maps discovered:
D:1:      saegor_arrival_simple_b, layout_basic
D:2:      layout_loops_ring, uniq_jessica
D:3:      layout_basic, serial_glass, glass_columns_a, glass_columns_a,
          glass_columns_a, glass_columns_b, glass_columns_b, glass_columns_b,
          item_on_display_a, feat_on_display, due_unseen_surprise,
          item_on_display_a, cheibrodos_sewer_entry_sluice, minmay_cut_off,
          uniq_terence, uniq_robin

Skill      XL: |  1  2  3  4  5  6 |
---------------+-------------------+-----
Armour         | 1 |  1.2
Ranged Weapons | 5 6 |  6.4
Fighting       | 3 4 |  4.0
Dodging        | |  1.5
Stealth        | |  1.1

Action                     |  1- 3 |  4- 6 || total
---------------------------+-------+-------++-------
   Fire: Shortbow          |    64 |   120 ||   184
    Use: Scroll            |     3 |     1 ||     4
         Potion            |       |     1 ||     1
 Armour: Leather armour    |     3 |       ||     3
         Ring mail         |     2 |    97 ||    99
  Dodge: Dodged            |     8 |    65 ||    73

Table legend:
 A = Non-vault XP
 B = Vault XP
 C = Vault XP percentage of total XP
 D = Non-vault monster count
 E = Vault monster count
 F = Vault count percentage of total count
                 A         B        C        D         E       F
            +---------+---------+-------+---------+---------+-------
      Total |     141 |     253 |  64.2 |      36 |      16 |  30.8
            +---------+---------+-------+---------+---------+-------
        D:1 |      24 |       0 |   0.0 |      13 |       0 |   0.0
        D:2 |      66 |      37 |  35.9 |      10 |       1 |   9.1
        D:3 |      51 |      69 |  57.5 |      13 |      14 |  51.9
      Sewer |       0 |     147 | 100.0 |       0 |       1 | 100.0
            +---------+---------+-------+---------+---------+-------
